 Dungeon Crawl Stone Soup version 0.32-a0-799-g95e1662365 (webtiles) character file.

Game seed: 9323860738064813508

1615 Tauromancer the Trooper (level 8, -2/64 HPs)
             Began as a Coglin Artificer on Mar 15, 2024.
             Slain by Duvessa
             ... wielding a +3 short sword of flaming
              (14 damage)
             ... on level 5 of the Dungeon on Mar 21, 2024.
             The game lasted 00:28:59 (5778 turns).

Tauromancer the Trooper (Coglin Artificer)          Turns: 5778, Time: 00:28:59

Health: -2/64      AC: 15    Str: 14    XL:     8   Next: 96%
Magic:  8/8        EV:  6    Int: 10    God:
Gold:   238        SH:  0    Dex: 16    Spells: 7/7 levels left

rFire   . . .        o - +2 hammer (drain) {Shi}
rCold   . . .        a - +1 flail (protect) {Xue}
rNeg    . . .        u - +0 chain mail
rPois   .            k - +1 helmet
rElec   .            f - +2 cloak {rCorr}
rCorr   +            (no gloves)
SInv    .            (no boots)
Will    .....        (amulet unavailable) Stlth
                     (ring unavailable)
HPRegen 0.30/turn    (ring unavailable)
MPRegen 0.11/turn    (no gizmo)

%: no passive effects
@: about to teleport, revving
A: off-hand wielding, slow wielding, warmup strikes, no jewellery
a: Invent Gizmo


You were on level 5 of the Dungeon.
You visited 1 branch of the dungeon, and saw 7 of its levels.

You collected 238 gold pieces.

Inventory:

Hand Weapons
 a - a +1 flail of protection (offhand) {Xue}
 b - a +3 dagger of speed {Enheduana}
 o - a +2 hammer of draining (weapon) {Shi}
Missiles
 e - a throwing net
Armour
 f - a +2 cloak of preservation (worn)
 k - a +1 helmet (worn)
 u - a +0 chain mail (worn)
Wands
 c - a wand of flame (18)
 d - a wand of charming (11) (quivered)
Scrolls
 r - a scroll of brand weapon
 s - a scroll of poison
 t - a scroll of teleportation
Potions
 g - a potion of curing
 j - a potion of heal wounds {unknown}
 l - 2 potions of enlightenment
 m - a potion of invisibility {unknown}
 n - a potion of lignification
 q - a potion of ambrosia {unknown}


   Skills:
 + Level 5.9 Fighting
 - Level 2.5 Short Blades
 + Level 4.8 Maces & Flails
 + Level 5.4 Armour
 - Level 1.8 Dodging
 - Level 1.8 Stealth
 - Level 4.7 Evocations


You had 7 spell levels left.
You didn't know any spells.
Your spell library contained the following spells:

 Spells                   Type           Power      Damage    Failure   Level
 Sting                    Conj/Alch      0%         1d3       99%         1
 Mercury Vapours          Alch/Air       0%         N/A       100%        2
 Gell's Gravitas          Tloc           0%         N/A       100%        3
 Teleport Other           Tloc           0%         N/A       100%        3
 Cause Fear               Hex            0%         N/A       100%        4
 Olgreb's Toxic Radiance  Alch           0%         N/A       100%        4
 Fireball                 Conj/Fire      0%         3d3       100%        5
 Dispersal                Tloc           0%         N/A       100%        6
 Dragon's Call            Summ           0%         N/A       100%        9


Dungeon Overview and Level Annotations

Branches:
Dungeon (7/15)
 Temple: D:4-7

Altars:

Annotations:
D:5 Duvessa
D:7 2 transporters, lotum's ghost, novice BaIE


Innate Abilities, Weirdness & Mutations

You can wield a second weapon in your off-hand.
It takes a long time for you to wield or remove held weapons.
Your first few attacks do less damage.
You cannot equip rings or amulets.


Message History

Duvessa burns something.
Something closely misses Duvessa.
Duvessa hits something with a +3 short sword of flaming!
Duvessa burns something.
Something hits Duvessa but does no damage.
Duvessa hits something with a +3 short sword of flaming!
Duvessa burns something.
Duvessa screams in horror.
Duvessa goes berserk!
You feel a bit more experienced.
Duvessa barely misses something.
Something closely misses Duvessa.
Duvessa hits something with a +3 short sword of flaming!
Duvessa burns something.
Something barely misses Duvessa.
Duvessa hits something with a +3 short sword of flaming!
Duvessa burns something.
You feel a bit more experienced.
You swap places.
Duvessa seems less drained.
Things that are here:
a +0 dagger; a +0 robe
There is an open door here.
You swap places.
Duvessa is no longer charmed.
Duvessa hits you with a +3 short sword of flaming!
Duvessa burns you.
Duvessa hits you with a +3 short sword of flaming!
Duvessa burns you.
You sock Duvessa with your +1 flail of protection!
Your weapon exudes an aura of protection.
Duvessa is severely wounded.
You barely miss Duvessa with your +2 hammer of draining.
Duvessa hits you with a +3 short sword of flaming.
Duvessa burns you.
Duvessa hits you with a +3 short sword of flaming!
* * * LOW HITPOINT WARNING * * *
Duvessa burns you.
* * * LOW HITPOINT WARNING * * *
You feel better. Duvessa hits you but does no damage.
As you read the scroll of teleportation, it crumbles to dust.
You feel strangely unstable.
Duvessa hits you with a +3 short sword of flaming!
You die...

##...........[ #.#
........... #.#
#.......... ###.###
+.......... +......
#.......... ###.###
#.......... #....
#.......... #..#.
#e# #..#. #@#
#.#####..## ###)#
#........# #...#
########.#
#.###############.#
#.#...............#
#.#.################
#.#.##........##....
#.#.##.######.###.#.
#.#.##.####<#.# #.#.


You could see Duvessa (berserk).

Vanquished Creatures
  An acid dragon (D:7)
  A black bear (D:6)
  An ice beast (D:6)
  An ogre (D:5)
  A kobold brigand (D:7)
  A bullfrog (D:7)
  2 gnoll sergeants
  A scorpion (D:5)
  2 howler monkeys (D:7)
  4 hounds
  A jelly (D:4)
  Crazy Yiuf (D:2)
  3 gnoll boudas (D:7)
  2 sleepcaps
  3 orc wizards
  Robin (D:2)
  18 gnolls
  5 adders
  2 shadow imps (D:7)
  2 ribbon worms
  6 dart slugs
  12 orcs
  8 ball pythons
  6 endoplasms
  2 giant cockroaches (D:1)
  12 goblins
  8 hobgoblins
  4 quokkas
  2 bats
  4 frilled lizards
  16 kobolds
  4 rats
137 creatures vanquished.

Vanquished Creatures (collateral kills)
  Dowan (D:5)
  A hound (D:5)
  3 gnolls (D:5)
5 creatures vanquished.

Grand Total: 142 creatures vanquished

Notes
Turn   | Place    | Note
-------+----------+-------------------------------------------
     0 | D:1      | Tauromancer the Coglin Artificer began the quest for the
                  | Orb.
     0 | D:1      | Reached XP level 1. HP: 15/15 MP: 1/1
     5 | D:1      | Upgraded the game from 0.32-a0-711-g016ad743e0 to
                  | 0.32-a0-799-g95e1662365
    40 | D:1      | Reached skill level 1 in Dodging
    55 | D:1      | Reached skill level 1 in Stealth
    58 | D:1      | Reached XP level 2. HP: 10/21 MP: 2/2
   725 | D:1      | Reached XP level 3. HP: 26/26 MP: 1/3
   746 | D:1      | Found a faded altar of an unknown god.
  1299 | D:2      | Reached XP level 4. HP: 24/33 MP: 1/4
  1528 | D:2      | Noticed Robin
  1564 | D:2      | Killed Robin
  1565 | D:2      | Reached skill level 1 in Short Blades
  1941 | D:2      | Found a runed translucent door.
  1942 | D:2      | Noticed Crazy Yiuf
  2190 | D:2      | Killed Crazy Yiuf
  2191 | D:2      | Reached XP level 5. HP: 26/38 MP: 5/5
  2631 | D:3      | Reached skill level 1 in Maces & Flails
  3619 | D:4      | Reached XP level 6. HP: 42/46 MP: 6/6
  3750 | D:4      | You fall into a shaft and drop 3 floors!
  4014 | D:7      | HP: 2/47 [gnoll/+1 flail of protection[a gnoll sergeant]
                  | (8)]
  4023 | D:7      | Reached XP level 7. HP: 11/52 MP: 7/7
  4214 | D:7      | Found a transporter.
  4216 | D:7      | Noticed a wyvern
  4217 | D:7      | Found a transporter.
  4217 | D:7      | Noticed lotum's ghost (novice BaIE)
  4219 | D:7      | Noticed a wyvern
  4440 | D:7      | Reached XP level 8. HP: 27/61 MP: 8/8
  4719 | D:6      | Reached skill level 5 in Fighting
  4816 | D:5      | Entered Level 5 of the Dungeon
  4846 | D:5      | Reached skill level 5 in Armour
  5744 | D:5      | Noticed Duvessa
  5744 | D:5      | Noticed Dowan
  5762 | D:5      | Killed Dowan
  5778 | D:5      | Slain by Duvessa

Illustrated notes

Levels and vault maps discovered:
D:1:      scummos_arrival_hexagon, layout_basic,
          ebering_ecumenical_altar_sacrificial, serial_forest,
          infiniplex_forest_corner_1, infiniplex_forest_end_double,
          infiniplex_forest_clump_cross, infiniplex_forest_straight_3,
          infiniplex_forest_straight_4, infiniplex_forest_straight_4,
          infiniplex_forest_pool, infiniplex_forest_clump_double,
          infiniplex_forest_diagonal, hangedman_decor_push
D:2:      layout_basic, kennysheep_pointless_box, hex_medium,
          uniq_crazy_yiuf_cottage, uniq_robin
D:3:      layout_basic
D:4:      layout_loops_corners, serial_shops, shop, uniq_sigmund
D:5:      minmay_diamond_boxcup, layout_basic, uniq_duvessa, uniq_ijyb
D:6:      layout_layer_cave, kennysheep_mini, minmay_temple_entry_glass,
          uniq_menkaure
D:7:      layout_basic, gammafunk_ghost_arena, grunt_decor_resistance

Skill      XL: |  1  2  3  4  5  6  7  8 |
---------------+-------------------------+-----
Dodging        | 1 |  1.8
Stealth        | 1 |  1.8
Armour         | 2 3 4 5 |  5.4
Fighting       | 2 3 4 5 |  5.9
Short Blades   | 1 2 |  2.5
Maces & Flails | 1 2 3 4 |  4.8
Evocations     | |  4.7

Action                     |  1- 3 |  4- 6 |  7- 9 || total
---------------------------+-------+-------+-------++-------
  Melee: Club              |   259 |       |       ||   259
         Dagger            |   382 |   169 |       ||   551
         Mace              |       |    79 |   115 ||   194
         Flail             |       |       |   113 ||   113
  Evoke: Wand              |     4 |     2 |     7 ||    13
    Use: Scroll            |     2 |     4 |     5 ||    11
         Potion            |       |     4 |     1 ||     5
   Stab: Distracted        |       |     1 |       ||     1
         Sleeping          |       |     1 |       ||     1
 Armour: Scale mail        |    72 |    27 |       ||    99
         Leather armour    |     1 |       |       ||     1
         Ring mail         |       |    16 |       ||    16
         Chain mail        |       |    73 |   154 ||   227
  Dodge: Dodged            |    47 |    57 |    45 ||   149

Table legend: (Time is in decaauts)
 A = Elapsed time spent in this place.
 B = Non-inter-level travel time spent in this place.
 C = Inter-level travel time spent in this place.
 D = Time resting spent in this place.
 E = Time spent auto-exploring this place.
 F = Levels seen in this place.
 G = Mean time per level.
                   A        B        C        D        E       F      G
               +--------+--------+--------+--------+--------+-----+--------+
         Total |   5823 |   5632 |    191 |    712 |   3608 |   7 |  831.9 |
       Dungeon |   5823 |   5632 |    191 |    712 |   3608 |   7 |  831.9 |
               +--------+--------+--------+--------+--------+-----+--------+

Top non-repeatable levels by time:
     D:2: 1257 daAuts
     D:1: 1186 daAuts
     D:3: 1045 daAuts
     D:5: 968 daAuts
     D:7: 925 daAuts
     D:4: 282 daAuts
     D:6: 159 daAuts
